 Dungeon Crawl Stone Soup version 0.29.0-4-gdea44cf6ec (webtiles) character file.

Game seed: 11866703285819335732

133 qw the Chopper (level 5, 0/30 HPs)
             Began as a Tengu Warper on Aug 28, 2022.
             Slain by a kobold
             ... wielding a +0 whip
              (2 damage)
             ... on level 3 of the Dungeon.
             The game lasted 00:00:12 (2230 turns).

qw the Chopper (Tengu Warper)                       Turns: 2230, Time: 00:00:13

Health: 0/30       AC:  3    Str: 13    XL:     5   Next: 16%
Magic:  9/9        EV: 14    Int: 13    God:
Gold:   168        SH:  0    Dex: 14    Spells: 8/8 levels left

rFire   . . .      SeeInvis .   Y - +0 hand axe
rCold   . . .      Faith    .   (no shield)
rNeg    . . .      Spirit   .   b - +0 leather armour
rPois   .          Reflect  .   (helmet restricted)
rElec   .          Harm     .   (no cloak)
rCorr   .          Rampage  .   (no gloves)
Will    .....                   (boots unavailable)
Stlth   +.........              (no amulet)
HPRegen 0.10/turn               (no ring)
MPRegen 0.11/turn               (no ring)

@: flying quickly and evasively, quick
A: beak, talons 3, nimble flight
a: no special abilities


You were on level 3 of the Dungeon.
You visited 1 branch of the dungeon, and saw 3 of its levels.

You collected 168 gold pieces.


Innate Abilities, Weirdness & Mutations

You have a beak for a mouth.
You have claws for feet.
Your magical nature lets you fly swiftly and evasively.


   Skills:
 - Level 2.0 Fighting
 + Level 5.7 Axes
 - Level 1.0 Throwing
 - Level 1.1 Armour
 - Level 2.1 Dodging
 - Level 2.0 Spellcasting
 - Level 2.4 Translocations


You had 8 spell levels left.
You didn't know any spells.
Your spell library contained the following spells:

 Spells                   Type           Power      Damage    Failure   Level
 Blink                    Tloc           14%        N/A       19%         2
 Gell's Gravitas          Tloc           7%         N/A       36%         3
 Lesser Beckoning         Tloc           7%         N/A       36%         3
 Teleport Other           Tloc           7%         N/A       36%         3
 Manifold Assault         Tloc           7%         N/A       98%         5

Inventory:

Hand Weapons
 h - a +0 mace
 Y - a +0 hand axe (weapon)
Missiles
 g - 4 boomerangs (quivered)
Armour
 b - a +0 leather armour (worn)
Scrolls
 a - 2 scrolls of identify
Potions
 c - a potion of attraction {unknown}
 j - 2 potions of brilliance {unknown}
 k - a potion of curing {unknown}

Dungeon Overview and Level Annotations

Branches:
Dungeon (3/15)

Altars:


Message History

The orc priest hits you but does no damage.
You closely miss the orc priest. Your kick misses the orc priest.
You peck the orc priest, but do no damage.
The orc priest is moderately wounded.
You closely miss the hobgoblin. The orc priest completely misses you.
The hobgoblin hits you.
You hit the orc priest.
The orc priest is heavily wounded.
You hit the hobgoblin but do no damage.
The orc priest hits you with a +0 dagger.
A dart slug comes into view.
The hobgoblin hits you but does no damage.
You hit the orc priest. Your kick misses the orc priest.
The orc priest is severely wounded.
You hit the hobgoblin but do no damage. The orc priest barely misses you.
The hobgoblin hits you but does no damage.
A kobold comes into view. It is wielding a +0 whip.
The kobold shouts!
You hit the orc priest.
You kill the orc priest!
You hit the hobgoblin.
You hear a shout!
The hobgoblin hits you but does no damage.
You have reached level 5!
Your magical nature develops, letting you fly swiftly and evasively.
You hit the hobgoblin.
You kill the hobgoblin!
2224 ||| FLEEEEING.
2225 ||| FLEEEEING.
Found a scroll of identify.
2226 ||| Stepping ~*~*~tactically~*~*~ (hiding).
2227 ||| FLEEEEING.
You hit the kobold but do no damage. You peck the kobold.
The kobold is heavily wounded.
The kobold barely misses you.
You barely miss the kobold.
The kobold is heavily wounded.
You hit the dart slug. The dart slug closely misses you.
The kobold hits you with a +0 whip.
You die...

7~~~~~~....P~7
#~~~~~~...~~77##
#.~~~~P...~~7..
#.7~~~~~...7.# #
##.7~~~~~.....##.###
##..77~PPP..)........
##....7~~~~#)..)...##
###....#7~~P~#>..$......
##.>.#..##~~~##.@K.)..##.
##.#....###7#...#w###.#
.....#..# #.##...? ...
#.......### #.# ...## ##
##........... ..##
............. .###
.#...........
.............
.........>...


You could see a dart slug and a kobold.

Vanquished Creatures
  An orc priest (D:3)
  3 adders
  3 dart slugs
  3 orcs (D:3)
  7 ball pythons
  7 endoplasms
  A giant cockroach (D:2)
  4 goblins
  6 hobgoblins
  8 jackals
  2 kobolds (D:3)
  4 quokkas
  4 bats
  2 frilled lizards
  7 rats
62 creatures vanquished.

Vanquished Creatures (others)
  4 plants (D:3)
4 creatures vanquished.

Grand Total: 66 creatures vanquished

Notes
Turn   | Place    | Note
-------+----------+-------------------------------------------
     0 | D:1      | qw the Tengu Warper began the quest for the Orb.
     0 | D:1      | Reached XP level 1. HP: 12/12 MP: 4/4
     0 | D:1      | 0 ||| qw: Version: 0.1-a-89-g26bdef1
     0 | D:1      | 0 ||| qw: Game counter: 2879
     0 | D:1      | 0 ||| qw: Always use a shield: true
     0 | D:1      | 0 ||| qw: God list: Okawaru
     0 | D:1      | 0 ||| qw: Allow faded altars: false
     0 | D:1      | 0 ||| qw: Do Orc after D:15 true
     0 | D:1      | 0 ||| qw: Do second Lair branch before Depths: true
     0 | D:1      | 0 ||| qw: Lair rune preference: random
     0 | D:1      | 0 ||| qw: Plans: Normal
     0 | D:1      | 0 ||| PLANNING D:1-11
   166 | D:1      | 166 ||| DROPPING +0 club.
   178 | D:1      | Reached skill level 3 in Axes
   178 | D:1      | Reached XP level 2. HP: 17/17 MP: 6/6
   240 | D:1      | 240 ||| Stepping ~*~*~tactically~*~*~ (stealth).
   242 | D:1      | 242 ||| Stepping ~*~*~tactically~*~*~ (stealth).
   245 | D:1      | 245 ||| Stepping ~*~*~tactically~*~*~ (stealth).
   255 | D:1      | HP: 3/17 [jackal (3)]
   541 | D:1      | Found a faded altar of an unknown god.
   578 | D:1      | 578 ||| Stepping ~*~*~tactically~*~*~ (stealth).
   582 | D:1      | Reached XP level 3. HP: 20/21 MP: 7/7
   582 | D:1      | 582 ||| Stepping ~*~*~tactically~*~*~ (stealth).
   584 | D:1      | 584 ||| Stepping ~*~*~tactically~*~*~ (stealth).
   766 | D:1      | Reached skill level 4 in Axes
   924 | D:1      | 924 ||| READING scroll labelled ISKONWYZ EXKI.
   925 | D:1      | 925 ||| READING scroll labelled LAOFEA DESTA.
   926 | D:1      | 926 ||| READING scroll labelled WUTSATZ UTATEPN.
   927 | D:1      | 927 ||| DROPPING scroll of blinking.
  1513 | D:2      | Reached XP level 4. HP: 17/26 MP: 8/8
  1712 | D:2      | 1712 ||| Stepping ~*~*~tactically~*~*~ (stealth).
  1714 | D:2      | 1714 ||| Stepping ~*~*~tactically~*~*~ (stealth).
  1765 | D:2      | 1765 ||| Stepping ~*~*~tactically~*~*~ (stealth).
  1767 | D:2      | 1767 ||| Stepping ~*~*~tactically~*~*~ (stealth).
  1777 | D:2      | 1777 ||| Stepping ~*~*~tactically~*~*~ (stealth).
  1779 | D:2      | 1779 ||| Stepping ~*~*~tactically~*~*~ (stealth).
  2028 | D:2      | Reached skill level 5 in Axes
  2028 | D:2      | 2028 ||| Stepping ~*~*~tactically~*~*~ (stealth).
  2052 | D:2      | 2052 ||| READING 3 scrolls labelled XATYUB IHIM.
  2053 | D:2      | 2053 ||| READING scroll labelled QYAKEXK FECEO.
  2054 | D:2      | 2054 ||| READING scroll labelled MAFORO QAMOFUK.
  2055 | D:2      | 2055 ||| READING 2 scrolls of identify.
  2055 | D:2      | 2055 ||| IDENTIFYING coppery potion
  2056 | D:2      | 2056 ||| DROPPING potion of invisibility.
  2088 | D:3      | 2088 ||| Stepping ~*~*~tactically~*~*~ (stealth).
  2200 | D:3      | 2200 ||| Stepping ~*~*~tactically~*~*~ (stealth).
  2207 | D:3      | 2207 ||| FLEEEEING.
  2209 | D:3      | 2209 ||| FLEEEEING.
  2217 | D:3      | HP: 5/26 [orc priest/+0 dagger (3)]
  2219 | D:3      | HP: 2/26 [hobgoblin (3)]
  2223 | D:3      | Gained mutation: Your magical nature lets you fly swiftly
                  | and evasively. [Tengu growth]
  2223 | D:3      | Reached XP level 5. HP: 1/30 MP: 9/9
  2224 | D:3      | 2224 ||| FLEEEEING.
  2225 | D:3      | 2225 ||| FLEEEEING.
  2226 | D:3      | 2226 ||| Stepping ~*~*~tactically~*~*~ (hiding).
  2227 | D:3      | 2227 ||| FLEEEEING.
  2230 | D:3      | Slain by a kobold

Levels and vault maps discovered:
D:1:      dpeg_arrival_chambers_temple_mockup, layout_basic,
          chequers_ecumenical_altar_simple_redux
D:2:      layout_loops_corners
D:3:      layout_rooms, serial_bayou, serial_bayou_pond_e, serial_bayou_ford_a,
          serial_bayou_pond_b, serial_bayou_pond_e

Skill      XL: |  1  2  3  4 |
---------------+-------------+-----
Axes           | 3 4 5 |  5.7
Fighting       | |  2.0
Throwing       | |  1.0
Armour         | |  1.1
Dodging        | |  2.1
Spellcasting   | |  2.0
Translocations | |  2.4

Action                   |  1- 3 |  4- 6 || total
-------------------------+-------+-------++-------
Melee: Hand axe          |    42 |    50 ||    92
       Kick              |    12 |    14 ||    26
       Peck              |     6 |     5 ||    11
Throw: Boomerang         |    38 |    16 ||    54
  Use: Scroll            |     3 |     4 ||     7
Armor: Leather armour    |    13 |    16 ||    29
Dodge: Dodged            |    19 |    34 ||    53

Table legend:
 A = Non-vault XP
 B = Vault XP
 C = Vault XP percentage of total XP
 D = Non-vault monster count
 E = Vault monster count
 F = Vault count percentage of total count
                 A         B        C        D         E       F
            +---------+---------+-------+---------+---------+-------
      Total |     189 |       2 |   1.0 |      61 |       1 |   1.6
            +---------+---------+-------+---------+---------+-------
        D:1 |      46 |       0 |   0.0 |      26 |       0 |   0.0
        D:2 |      70 |       0 |   0.0 |      24 |       0 |   0.0
        D:3 |      73 |       2 |   2.7 |      11 |       1 |   8.3
            +---------+---------+-------+---------+---------+-------
